 Dungeon Crawl Stone Soup version 0.24.1-5-g77f818bfca (webtiles) character file.

Game seed: 4073770994534449302, levelgen mode: deterministic

21 Atelerd the Magician (level 2, 0/17 HPs)
             Began as an Octopode Wizard on Apr 23, 2020.
             Slain by a hobgoblin
             ... wielding a +0 club
              (4 damage)
             ... on level 2 of the Dungeon.
             The game lasted 00:01:37 (994 turns).

Atelerd the Magician (Octopode Wizard)               Turns: 994, Time: 00:01:37

Health: 0/17       AC:  1    Str:  6    XL:     2   Next: 83%
Magic:  1/6        EV: 13    Int: 20    God:
Gold:   39         SH:  0    Dex: 10    Spells: 7/8 levels left

rFire    . . .     SeeInvis .   j - +0 dagger
rCold    . . .     Gourm    .   (no shield)
rNeg     . . .     Faith    .   a - +0 hat
rPois    .         Spirit   .   (no amulet)
rElec    .         Reflect  .   (no ring)
rCorr    .         Harm     .   (no ring)
MR       .....                  (no ring)
Stlth    +++.......             (no ring)
HPRegen  0.05/turn              (no ring)
MPRegen  0.10/turn              (no ring)
                                (no ring)
                                (no ring)

@: flying, very slightly contaminated
A: almost no armour, stealthy swim, amphibious, 8 rings, constrict 8, camouflage
1, gelatinous body 1
a: no special abilities


You were on level 2 of the Dungeon.
You were not hungry.

You visited 1 branch of the dungeon, and saw 2 of its levels.

You collected 39 gold pieces.

Inventory:

Hand Weapons
 j - a +0 dagger (weapon)
Armour
 a - a +0 hat (worn)
Scrolls
 b - a scroll of remove curse {unknown}
 e - a scroll of immolation {unknown}
 h - a scroll of teleportation {unknown}
 k - a scroll of amnesia {unknown}
Potions
 f - a potion of haste {unknown}
 g - a potion of brilliance {unknown}
 i - a potion of flight
Comestibles
 c - 4 rations


   Skills:
 + Level 0.2 Fighting
 + Level 2.0 Dodging
 + Level 2.6 Stealth
 + Level 0.3 Unarmed Combat
 + Level 3.5 Spellcasting
 + Level 1.3 Conjurations
   Level 1.0 Summonings
   Level 1.0 Translocations


You had 7 spell levels left.
You knew the following spells:

 Your Spells              Type           Power        Failure   Level  Hunger
a - Magic Dart            Conj           #...         8%          1    None

Your spell library contained the following spells:

 Spells                   Type           Power        Failure   Level  Hunger
 Blink                    Tloc           N/A          14%         2    ##.....
 Call Imp                 Summ           #.......     14%         2    ##.....
 Slow                     Hex            #.......     21%         2    ##.....
 Conjure Flame            Conj/Fire      #.......     30%         3    ###....
 Mephitic Cloud           Conj/Pois/Air  #.......     32%         3    ###....


Dungeon Overview and Level Annotations

Branches:
Dungeon (2/15)

Altars:


Innate Abilities, Weirdness & Mutations

You cannot wear most types of armour.
You are very stealthy in the water. (Stealth+)
You are amphibious.
You can wear up to eight rings at the same time.
You can use your tentacles to constrict eight enemies at once.
Your skin changes colour to match your surroundings (Stealth+).
Your rubbery body absorbs attacks. (AC +1, EV +1)


Message History

You constrict the jackal. The jackal bites you.
You hit the jackal.
The jackal is almost dead.
You constrict the jackal.
You kill the jackal!
The hobgoblin hits you with a +0 club. The hobgoblin misses you.
You barely miss the hobgoblin. You grab the hobgoblin.
You constrict the hobgoblin, but do no damage.
The hobgoblin hits you with a +0 club.
* * * LOW HITPOINT WARNING * * *
You hit the hobgoblin.
The hobgoblin is lightly wounded.
You constrict the hobgoblin.
The hobgoblin hits you but does no damage.
It was a potion of flight.
You feel very buoyant.
You fly up into the air.
You constrict the hobgoblin. The hobgoblin hits you with a +0 club.
You die...

#.# ...#
####.########...###.
#....##.............
##.......h...........
#.........hh.....<...
#.#.#.#.######..(###.
#.#.#.#h# ...#
#.#...#g# ...#
#.###.#..##@# ...#
#........##.# ...#
#####...(...##### ...#
####........#
.#######..#####.# #
..........#####.##....
.########.##........#
##.##.........#
#...<........##


You could see a jackal and a hobgoblin.

Vanquished Creatures
  A dart slug (D:1)
  3 hobgoblins (D:1)
  5 jackals (D:2)
  5 bats (D:1)
  2 kobolds (D:1)
  A rat (D:1)
17 creatures vanquished.

Notes
Turn   | Place    | Note
-------+----------+-------------------------------------------
     0 | D:1      | Atelerd the Octopode Wizard began the quest for the Orb.
     0 | D:1      | Reached XP level 1. HP: 11/11 MP: 4/4
   522 | D:1      | Reached XP level 2. HP: 14/17 MP: 6/6
   994 | D:2      | Slain by a hobgoblin

Levels and vault maps discovered:
D:1:      lightli_arrival_windingriver, layout_basic
D:2:      layout_loops_cross, lemuel_doored_altar, first_ration,
          roderic_serpentine_path

Action                   || total
-------------------------++-------
Melee: Unarmed           ||    12
       Dagger            ||    33
       Constrict         ||    12
       Tentacles         ||     4
 Cast: Magic Dart        ||    16
  Use: Potion            ||     3
 Stab: Sleeping          ||     3
Armor: Skin              ||     6
Dodge: Dodged            ||    43
